Map: Pride of Altaris LE

Players

marc

  • Race: Protoss Protoss
  • League: Silver
  • Spawn Location: 11:00

Warthog - Winner!

  • Race: Terran Terran
  • League: Silver
  • Spawn Location: 5:00

VOD

Have the link to the VOD?

Description

Time

  • Played on: Oct. 19, 2021, 7:11 p.m.
  • Length: 9:18
Show
View Real Time Build Order
Export as new Build Order

marc Protoss 

Build Orders:  

Get SALT Encoding   

  12  0:01  Probe (Chrono Boost)  
  13  0:11  Probe (Chrono Boost)  
  14  0:17  Pylon  
  14  0:21  Probe  
  15  0:38  Pylon  
  15  0:39  Probe  
  16  0:45  Assimilator  
  16  1:04  Probe  
  17  1:16  Probe  
  18  1:19  Forge  
  18  1:21  Gateway  
  18  1:27  Pylon  
  18  1:37  Probe (Chrono Boost)  
  19  1:40  Assimilator  
  20  1:48  Probe (Chrono Boost)  
  20  1:53  Probe (Chrono Boost)  
  21  2:03  Probe  
  22  2:18  Cybernetics Core  
  22  2:37  Probe  
  22  2:43  Assimilator  
  23  2:47  Nexus  
  23  2:49  Probe  
  24  3:02  Stargate  
  24  3:06  Stargate  
  24  3:10  Pylon  
  24  3:14  Pylon  
  24  3:30  Pylon  
  24  3:34  Pylon  
  24  3:46  Void Ray  
  28  4:01  Probe (Chrono Boost)  
  28  4:02  Probe (Chrono Boost)  
  30  4:12  Probe x2 (Chrono Boost)  
  30  4:16  Void Ray  
  36  4:17  Probe x2 (Chrono Boost)  
  36  4:19  Assimilator  
  38  4:28  Probe x2 (Chrono Boost)  
  40  4:36  Void Ray (Chrono Boost)  
  46  4:38  Protoss Air Weapons Level 1  
  46  4:39  Probe x2 (Chrono Boost)  
  50  5:00  Void Ray (Chrono Boost)  
  50  5:05  Probe x2  
  52  5:11  Void Ray (Chrono Boost)  
  56  5:17  Probe  
  57  5:22  Photon Cannon  
  57  5:24  Photon Cannon  
  57  5:35  Photon Cannon  
  61  5:38  Photon Cannon  
  61  5:40  Void Ray (Chrono Boost)  
  61  5:42  Shield Battery  
  61  5:45  Void Ray (Chrono Boost)  
  65  5:55  Shield Battery  
  65  6:27  Pylon  
  65  6:29  Pylon  
  65  6:32  Pylon  
  65  6:34  Void Ray  
  65  6:38  Pylon  
  65  6:39  Void Ray  
  73  6:41  Pylon  
  73  7:11  Void Ray  
  77  7:16  Void Ray  
Show
View Real Time Build Order
Export as new Build Order

Warthog Terran - Winner!

Build Orders:  

Get SALT Encoding   

  12  0:00  SCV  
  13  0:13  SCV  
  14  0:17  Supply Depot  
  14  0:25  SCV  
  15  0:38  SCV  
  15  0:40  Barracks  
  16  0:45  Refinery  
  16  0:51  SCV  
  17  1:03  SCV  
  18  1:15  SCV  
  19  1:28  Barracks Reactor  
  19  1:29  Orbital Command  
  19  1:44  Command Center  
  19  1:55  SCV  
  20  2:01  Supply Depot  
  20  2:04  Marine  
  20  2:05  Marine  
  20  2:07  SCV  
  23  2:23  SCV, Marine x2  
  26  2:35  SCV  
  27  2:41  Marine  
  27  2:42  Marine  
  29  2:46  Barracks  
  29  2:47  Barracks  
  29  2:50  Refinery  
  29  2:51  SCV  
  30  3:01  Marine x2  
  30  3:03  SCV  
  33  3:12  Orbital Command  
  33  3:15  SCV  
  34  3:23  Marine x2  
  36  3:27  SCV  
  37  3:41  Marine  
  37  3:48  Barracks Tech Lab x2  
  38  3:50  SCV x2  
  38  3:54  Supply Depot  
  39  3:59  Factory, Marine x2  
  42  4:02  SCV  
  42  4:03  SCV  
  42  4:09  Stimpack, Combat Shield  
  43  4:12  Marine  
  43  4:13  Marine  
  43  4:14  SCV  
  46  4:17  Supply Depot  
  46  4:23  SCV  
  47  4:27  SCV  
  48  4:34  Marauder, Marine x3  
  48  4:35  SCV  
  54  4:39  SCV  
  54  4:40  Supply Depot  
  54  4:45  Supply Depot  
  55  4:47  SCV  
  55  4:49  Factory Reactor, Starport  
  55  4:51  SCV  
  55  4:52  Marine x3  
  60  4:55  Engineering Bay, Marine  
  60  4:59  SCV  
  62  5:03  SCV  
  63  5:10  Marine x3  
  63  5:11  SCV  
  63  5:12  Supply Depot  
  63  5:13  Marine  
  68  5:14  Supply Depot  
  68  5:15  SCV  
  69  5:28  Terran Infantry Weapons Level 1  
  69  5:41  SCV x2  
  71  5:43  Factory Tech Lab  
  71  5:44  Marine x4  
  71  5:48  Medivac  
  77  5:50  Medivac  
  77  5:53  SCV x2  
  77  5:55  Supply Depot  
  81  6:00  Supply Depot  
  81  6:02  Marine x4  
  85  6:05  SCV  
  85  6:06  SCV  
  90  6:11  Siege Tank  
  90  6:17  Supply Depot  
  90  6:18  SCV  
  91  6:19  Marine  
  91  6:20  Marine x2  
  91  6:23  Supply Depot  
  94  6:38  Marine  
  94  6:39  Marine  
  96  6:43  Marine x2  
  96  6:45  Barracks, Medivac x2, Siege Tank  
  96  6:46  Barracks  
  96  6:47  SCV  
  106  6:50  Refinery  
  106  6:51  Refinery  
  106  6:53  Supply Depot  
  106  6:55  Supply Depot  
  106  6:56  Marine x2  
  106  7:01  Marine x2  
  110  7:14  Marine x2  
  112  7:19  Marine x2  
  104  7:32  Marine x2  
  104  7:36  Marine  
  105  7:37  Marine  
  107  7:50  Marine x4  
  111  7:53  Siege Tank  
  111  7:54  Medivac, Marine  
  111  7:55  Marine  
  117  8:07  Marine  
  117  8:08  Marine x3  
  117  8:12  Marine x2  
  117  8:25  Siege Tank, Marine x3  
  117  8:26  Marine  
  117  8:30  Marine x2  
  117  8:43  Marine x4  
  117  8:48  Marine x2  
Tags
 
Add a new tag
Caveats
  • Supply blocks, unpowered buildings, or Contaminate may cause inaccurate times.
  • Supply counts are checked every 10 seconds.